 Dungeon Crawl Stone Soup version 0.31-a0-150-g89dc3ad700 (webtiles) character file.

Game seed: 6228980328740422922

67 qw the Shooter (level 4, -7/38 HPs)
             Began as a Minotaur Hunter on June 8, 2023.
             Mangled by Sigmund
             ... wielding a +0 scythe
              (13 damage)
             ... on level 2 of the Dungeon.
             The game lasted 00:01:04 (1405 turns).

qw the Shooter (Minotaur Hunter)                    Turns: 1405, Time: 00:01:05

Health: -7/38      AC:  0    Str: 16    XL:     4   Next: 0%
Magic:  3/3        EV: 14    Int:  6    God:
Gold:   63         SH:  0    Dex: 15    Spells: 3/3 levels left

rFire   . . .        Y - melded +0 shortbow
rCold   . . .        (shield currently unavailable)
rNeg    . . .        d - melded +0 ring mail
rPois   .            (helmet currently unavailable)
rElec   .            (cloak currently unavailable)
rCorr   .            (gloves currently unavailable)
SInv    .            (boots currently unavailable)
Will    .....        (no amulet)
Stlth   ++           (ring currently unavailable)
HPRegen 0.26/turn    (ring currently unavailable)
MPRegen 0.08/turn

%: no passive effects
@: pig-form (expiring), very quick
A: fast, no casting, small, (horns 2), (retaliatory headbutt)
a: no special abilities


You were on level 2 of the Dungeon.
You were a filthy swine.
You visited 1 branch of the dungeon, and saw 2 of its levels.

You collected 63 gold pieces.


Innate Abilities, Weirdness & Mutations

You are a filthy swine.
You move quickly.
Your equipment is almost entirely melded.
You are incapable of wielding weapons or throwing items.
You cannot cast spells.
((You have a pair of horns on your head.))
((You reflexively headbutt those who attack you in melee.))


   Skills:
 - Level 3.1 Fighting
 + Level 5.6 Ranged Weapons
 - Level 1.3 Armour
 - Level 2.1 Dodging
 - Level 0.7 Stealth


You had 3 spell levels left.
You didn't know any spells.
Your spell library was empty.

Inventory:

Hand Weapons
 Y - a +0 shortbow (melded)
Armour
 d - a +0 ring mail (melded)
 g - a +2 ring mail of positive energy
Jewellery
 e - an amulet of reflection
Scrolls
 a - a scroll of fog {unknown}
 i - a scroll of silence {unknown}
Potions
 b - a potion of cancellation {unknown}
 c - a potion of haste {unknown}
 f - a potion of brilliance {unknown}
 h - 2 potions of curing

Dungeon Overview and Level Annotations

Branches:
Dungeon (2/15)

Altars:

Annotations:
D:2 Sigmund


Message History

Enter note:
Enter note:
Enter note:
Enter note:
Enter note:
Enter note:
Enter note:
Enter note:
Enter note:
Enter note:
Enter note:
Enter note:
Enter note:
1392 ||| PLANNING D:1-11 Options error: Missing colour in message_colour setting: 'then'
There is a strange disturbance nearby!
Something hits you.
Deactivating autopickup; reactivate with Ctrl-A.
1393 ||| Stepping randomly (disturbance).
1394 ||| Stepping randomly (disturbance).
1395 ||| Stepping randomly (disturbance).
There is a strange disturbance nearby!
Your transformation is almost over.
Something hits you!
1397 ||| Stepping randomly (disturbance).
1398 ||| Stepping randomly (disturbance).
1399 ||| Stepping randomly (disturbance).
You start resting.
You hear some strange, mumbled words.
A puff of flame appears from out of thin air!
The puff of flame misses you.
There is a strange disturbance nearby!
You hear some strange, mumbled words.
Something tries to affect you, but you resist.
1403 ||| Stepping randomly (disturbance).
1404 ||| Stepping randomly (disturbance).
Something hits you.
There is a strange disturbance nearby!
Something hits you!
You die...

####### #.....# . ####.....#
#### .. #.##.....# #... ...
###........###... ....
##................ .....
#.>##........#....
......#####.###........##)..
.........{.h# #........##...
.....####..## #........##...
##. #..# #........##...
###.## #.........#...
#....###.............
##%##..##<.>.....#<...
#..###..####.......... #.##
##..# #.#........ #.#
##.###...####...


There were no monsters in sight!

Vanquished Creatures
  3 adders (D:2)
  A worm (D:2)
  A dart slug (D:1)
  A ball python (D:2)
  7 bats (D:1)
  2 endoplasms (D:1)
  A giant cockroach (D:2)
  3 goblins (D:1)
  5 hobgoblins
  2 quokkas
  2 frilled lizards
  4 kobolds
  6 rats
38 creatures vanquished.

Notes
Turn   | Place    | Note
-------+----------+-------------------------------------------
     0 | D:1      | qw the Minotaur Hunter began the quest for the Orb.
     0 | D:1      | Reached XP level 1. HP: 18/18 MP: 0/0
     0 | D:1      | 0 ||| qw: Version: 0.2-a-119-g7aa9181
     0 | D:1      | 0 ||| qw: Game counter: 2933
     0 | D:1      | 0 ||| qw: Always use a shield: true
     0 | D:1      | 0 ||| qw: God list: Okawaru
     0 | D:1      | 0 ||| qw: Allow faded altars: false
     0 | D:1      | 0 ||| qw: Do Orc after D:15 true
     0 | D:1      | 0 ||| qw: Do second Lair branch before Depths: true
     0 | D:1      | 0 ||| qw: Lair rune preference: random
     0 | D:1      | 0 ||| qw: Plans: Normal
     0 | D:1      | 0 ||| PLANNING D:1-11
   238 | D:1      | Reached XP level 2. HP: 25/25 MP: 1/1
   295 | D:1      | Reached skill level 5 in Ranged Weapons
   618 | D:1      | Reached skill level 3 in Fighting
   862 | D:1      | 862 ||| UPGRADING to +0 ring mail.
   872 | D:1      | 872 ||| DROPPING +0 leather armour.
   873 | D:1      | 873 ||| READING scroll labelled TETUFU XANG.
   874 | D:1      | 874 ||| DRINKING 2 bubbling white potions.
   979 | D:1      | 979 ||| DRINKING 2 golden potions.
   980 | D:1      | 980 ||| DROPPING scroll of butterflies.
   981 | D:1      | 981 ||| DROPPING potion of berserk rage.
  1052 | D:2      | Reached XP level 3. HP: 31/31 MP: 2/2
  1170 | D:2      | Reached skill level 1 in Armour
  1243 | D:2      | Reached XP level 4. HP: 34/38 MP: 3/3
  1374 | D:2      | Noticed Sigmund
  1377 | D:2      | 1377 ||| DRINKING 3 potions of curing.
  1377 | D:2      | 1377 ||| (to cure confusion)
  1388 | D:2      | 1388 ||| UPGRADING to +2 ring mail of positive energy.
  1388 | D:2      | 1388 ||| UPGRADING to amulet of reflection.
  1392 | D:2      | 1392 ||| PLANNING D:1-11
  1393 | D:2      | 1393 ||| Stepping randomly (disturbance).
  1394 | D:2      | 1394 ||| Stepping randomly (disturbance).
  1395 | D:2      | 1395 ||| Stepping randomly (disturbance).
  1397 | D:2      | 1397 ||| Stepping randomly (disturbance).
  1398 | D:2      | 1398 ||| Stepping randomly (disturbance).
  1399 | D:2      | 1399 ||| Stepping randomly (disturbance).
  1403 | D:2      | 1403 ||| Stepping randomly (disturbance).
  1404 | D:2      | 1404 ||| Stepping randomly (disturbance).
  1404 | D:2      | HP: 6/38 [something (6)]
  1405 | D:2      | Mangled by Sigmund

Levels and vault maps discovered:
D:1:      dpeg_arrival_morbid_curiosity, layout_loops_corners,
          nrook_mini_vaults, corexii_leaking_fountain
D:2:      layout_rooms, uniq_sigmund

Skill      XL: |  1  2  3 |
---------------+----------+-----
Ranged Weapons | 5 |  5.6
Fighting       | 3 |  3.1
Armour         | 1 |  1.3
Dodging        | |  2.1
Stealth        | |  0.7

Action                     |  1- 3 |  4- 6 || total
---------------------------+-------+-------++-------
   Fire: Shortbow          |   115 |    12 ||   127
    Use: Potion            |     2 |     1 ||     3
         Scroll            |     1 |       ||     1
 Armour: Leather armour    |     9 |       ||     9
         Ring mail         |     3 |       ||     3
  Dodge: Dodged            |    31 |     5 ||    36

Table legend:
 A = Non-vault XP
 B = Vault XP
 C = Vault XP percentage of total XP
 D = Non-vault monster count
 E = Vault monster count
 F = Vault count percentage of total count
                 A         B        C        D         E       F
            +---------+---------+-------+---------+---------+-------
      Total |      89 |       8 |   8.2 |      34 |       4 |  10.5
            +---------+---------+-------+---------+---------+-------
        D:1 |      31 |       8 |  20.5 |      20 |       4 |  16.7
        D:2 |      58 |       0 |   0.0 |      14 |       0 |   0.0
            +---------+---------+-------+---------+---------+-------
